 Dungeon Crawl Stone Soup version 0.28.0-53-g5a82cb258f (webtiles) character file.

Game seed: 6061014864654559484

147 Infernotoast the Chopper (level 5, 0/47 HPs)
             Began as a Minotaur Berserker on July 26, 2022.
             Was a Believer of Trog.
             Succumbed to an orc's poison
             ... on level 3 of the Dungeon.
             The game lasted 00:08:14 (1528 turns).

Infernotoast the Chopper (Minotaur Berserker)       Turns: 1528, Time: 00:08:15

Health: 0/47       AC:  5    Str: 23    XL:     5   Next: 8%
Magic:  4/4        EV: 11    Int:  4    God:    Trog [**....]
Gold:   52         SH:  0    Dex: 10    Spells: 4/4 levels left

rFire   . . .      SeeInvis .   a - +0 hand axe
rCold   . . .      Faith    .   (no shield)
rNeg    . . .      Spirit   .   b - +0 ring mail
rPois   .          Reflect  .   (helmet restricted)
rElec   .          Harm     .   (no cloak)
rCorr   .          Rampage  .   (no gloves)
Will    .....                   (no boots)
Stlth   +.........              (no amulet)
HPRegen 0.15/turn               (no ring)
MPRegen 0.09/turn               (no ring)

@: lethally poisoned (0 -> -19), on berserk cooldown, slowed, very slow
A: horns 2, retaliatory headbutt
a: Renounce Religion, Berserk, Trog's Hand


You were on level 3 of the Dungeon.
You worshipped Trog.
Trog was pleased with you.
You visited 1 branch of the dungeon, and saw 3 of its levels.

You collected 52 gold pieces.

Inventory:

Hand Weapons
 a - a +0 hand axe (weapon)
Armour
 b - a +0 ring mail (worn)
Scrolls
 c - a scroll of fear


   Skills:
 + Level 4.8 Fighting
 + Level 5.0 Axes
 + Level 3.5 Armour
 + Level 3.0 Dodging
 + Level 0.2 Stealth


You had 4 spell levels left.
You didn't know any spells.
Your spell library was empty.

Dungeon Overview and Level Annotations

Branches:
Dungeon (3/15)

Altars:


Innate Abilities, Weirdness & Mutations

You have a pair of horns on your head.
You reflexively headbutt those who attack you in melee.


Message History

Your Axes skill increases to level 5!
You closely miss the orc. You headbutt the orc.
You kill the orc!
Trog accepts your kill.
You are no longer berserk.
You are exhausted.
You feel yourself slow down. The gnoll closely misses you.
Items here: ( )))) ††††.
You hit the gnoll.
The gnoll is heavily wounded.
The gnoll hits you with a +0 spear. x2
You hit the gnoll.
The gnoll is almost dead.
The gnoll barely misses you.
You hit the gnoll.
You kill the gnoll!
Trog accepts your kill.
Your Dodging skill increases to level 3!
You have reached level 5!
You start resting.
An orc comes into view. It is wielding a +0 flail.
An orc is nearby!
The orc shouts!
You hear a shout!
There is a stone staircase leading up, spattered with blood here.
An orc comes into view.
It is wielding a +2 short sword of venom.
You slash the orc!
You kill the orc!
Trog accepts your kill.
The orc hits you with a +2 short sword of venom.
You are poisoned.
You hit the orc. Your headbutt misses the orc.
The orc is moderately wounded.
* * * LOW HITPOINT WARNING * * *
You feel very sick.
The orc hits you with a +2 short sword of venom.
* * * LOW HITPOINT WARNING * * *
You are more poisoned.
You closely miss the orc.
The orc is moderately wounded.
You die...

#. .#...#
.#.#.....
.....!#..
.........
##........ #
#....#....
#.#)o)......
#.)@)..#
###.##......
#.# .....
#.. #### ###


You could see an orc.

Vanquished Creatures
  2 orc priests (D:3)
  3 gnolls (D:3)
  A worm (D:2)
  A dart slug (D:2)
  6 orcs
  5 ball pythons
  6 bats
  3 endoplasms
  4 goblins
  5 hobgoblins
  3 jackals (D:2)
  A quokka (D:1)
  4 frilled lizards (D:1)
  5 kobolds
  3 rats (D:1)
52 creatures vanquished.

Notes
Turn   | Place    | Note
-------+----------+-------------------------------------------
     0 | D:1      | Infernotoast the Minotaur Berserker began the quest for the
                  | Orb.
     0 | D:1      | Reached XP level 1. HP: 19/19 MP: 0/0
    83 | D:1      | Reached XP level 2. HP: 23/27 MP: 1/1
    84 | D:1      | Reached skill level 4 in Axes
   771 | D:2      | Reached XP level 3. HP: 30/33 MP: 2/2
  1036 | D:2      | Reached ** piety under Trog
  1055 | D:2      | Found a faded altar of an unknown god.
  1499 | D:3      | Reached XP level 4. HP: 41/41 MP: 3/3
  1510 | D:3      | Reached skill level 5 in Axes
  1515 | D:3      | Reached XP level 5. HP: 18/47 MP: 4/4
  1528 | D:3      | Succumbed to an orc's poison

Illustrated notes

Levels and vault maps discovered:
D:1:      amcnicky_arrival_wind_blow, layout_basic
D:2:      layout_loops_cross, hellmonk_ecumenical_altar_leap_of_faith
D:3:      layout_basic, grunt_ministairs_4, palyth_stone_intersect

Skill      XL: |  1  2  3  4 |
---------------+-------------+-----
Fighting       | 4 |  4.8
Axes           | 4 5 |  5.0
Armour         | 3 |  3.5
Dodging        | 3 |  3.0
Stealth        | |  0.2

Action                   |  1- 3 |  4- 6 || total
-------------------------+-------+-------++-------
Melee: Hand axe          |    83 |    18 ||   101
       Headbutt          |    10 |     1 ||    11
       Punch             |     1 |       ||     1
Invok: Berserk           |     1 |       ||     1
  Use: Scroll            |     4 |       ||     4
       Potion            |     1 |       ||     1
Armor: Leather armour    |     1 |       ||     1
       Ring mail         |    29 |     2 ||    31
Dodge: Dodged            |    53 |     7 ||    60
